 Dungeon Crawl Stone Soup version 0.24.0-1-gfbc8707 (webtiles) character file.

Game seed: 3281526429607873260, levelgen mode: deterministic

15591 Illumine the Destroyer (level 12, -11/91 HPs)
             Began as a Gnoll Conjurer on Nov 17, 2019.
             Was a Follower of Ashenzari.
             Mangled by a minotaur
             ... wielding the +9 war axe of Meraisu {holy, rElec rF+}
              (28 damage)
             ... in a Gauntlet.
             The game lasted 00:51:35 (16387 turns).

Illumine the Destroyer (Gnoll Conjurer)            Turns: 16387, Time: 00:51:36

Health: -11/91     AC:  9    Str: 12    XL:     12   Next: 28%
Magic:  1/24       EV: 23    Int: 26    God:    Ashenzari [*.....]
Gold:   765        SH:  0    Dex: 16    Spells: 3/28 levels left

rFire    + . .     SeeInvis .   h - staff of air
rCold    + . .     Gourm    .   (no shield)
rNeg     . . .     Faith    .   K - +2 robe {rC+ rF+} (curse)
rPois    .         Spirit   .   (no helmet)
rElec    +         Reflect  .   F - scarf {cloud immunity}
rCorr    .         Harm     .   U - +0 pair of gloves
MR       .....     NoTele   +   k - +2 pair of boots (curse)
Stlth    ++++......             (no amulet)
HPRegen  0.25/turn              x - +5 ring of intelligence (curse)
MPRegen  0.19/turn              N - +5 ring of evasion (curse)

@: no status effects
A: distributed training, fangs 1, strong nose
a: Curse Item, Scrying, Renounce Religion


You were in a Gauntlet.
You worshipped Ashenzari.
Ashenzari was aware of your devotion.
You were hungry.

You visited 3 branches of the dungeon, and saw 15 of its levels.
You also visited: Gauntlet.

You collected 765 gold pieces.

Inventory:

Hand Weapons
 M - a +2 dagger of electrocution
Missiles
 i - 91 poisoned darts (quivered)
 z - 9 boomerangs
 R - 3 throwing nets
 S - 4 curare-tipped darts
Armour
 k - a cursed +2 pair of boots (worn)
 F - a scarf of cloud immunity (worn)
 K - a cursed +2 robe of resistance (worn)
 U - a +0 pair of gloves (worn)
Magical Staves
 h - an uncursed staff of air (weapon)
Jewellery
 d - an uncursed ring of poison resistance
 j - the ring of Robustness {AC+8}
   (You found it in a Gauntlet)

   [ring of protection]

   It affects your AC (+8).
 x - a cursed +5 ring of intelligence (left hand)
 L - an uncursed ring of protection from fire
 N - a cursed +5 ring of evasion (right hand)
Wands
 t - a wand of flame (9)
 v - a wand of enslavement (9)
 G - a wand of digging (11)
 X - a wand of iceblast (6)
Scrolls
 b - a scroll of random uselessness {unknown}
 e - a scroll of enchant armour
 s - 2 scrolls of blinking
 D - 4 scrolls of teleportation
 Q - 3 scrolls of magic mapping {unknown}
 W - 3 scrolls of remove curse
 Z - a scroll of fog {unknown}
Potions
 a - 2 potions of magic
 g - a potion of haste
 p - 3 potions of lignification {unknown}
 q - a potion of agility
 B - 2 potions of invisibility
 E - a potion of resistance {unknown}
 I - 4 potions of might {unknown}
 J - a potion of berserk rage {unknown}
 O - a potion of ambrosia {unknown}
 T - a potion of flight {unknown}
 V - a potion of mutation {unknown}
 Y - a potion of cancellation {unknown}
Comestibles
 c - 12 rations


   Skills:
 + Level 7.0 Fighting
 + Level 7.0 Short Blades
 + Level 7.0 Long Blades
 + Level 7.0 Axes
 + Level 7.0 Maces & Flails
 + Level 7.0 Polearms
 + Level 7.0 Staves
 + Level 7.0 Slings
 + Level 7.0 Bows
 + Level 7.0 Crossbows
 + Level 7.0 Throwing
 + Level 7.0 Armour
 + Level 8.5 Dodging
 + Level 8.2 Stealth
 + Level 7.0 Shields
 + Level 7.0 Unarmed Combat
 + Level 8.7 Spellcasting
 + Level 9.3 Conjurations
 + Level 5.8 Hexes
 + Level 5.8 Charms
 + Level 5.8 Summonings
 + Level 5.8 Necromancy
 + Level 5.8 Translocations
 + Level 5.8 Transmutations
 + Level 5.8 Fire Magic
 + Level 5.8 Ice Magic
 + Level 5.8 Air Magic
 + Level 5.8 Earth Magic
 + Level 5.8 Poison Magic
 + Level 7.7 Invocations
 + Level 7.0 Evocations


You had 3 spell levels left.
You knew the following spells:

 Your Spells              Type           Power        Failure   Level  Hunger
a - Magic Dart            Conj           ####         1%          1    None
b - Searing Ray           Conj           ######       1%          2    None
c - Dazzling Spray        Conj/Hex       ######       1%          3    None
d - Iskenderun's Mystic   Conj           ######..     1%          4    ##.....
e - Confuse               Hex            #####...     1%          3    None
f - Fulminant Prism       Conj/Hex       ######....   2%          4    ##.....
g - Lightning Bolt        Conj/Air       ######....   6%          5    ####...
h - Static Discharge      Conj/Air       ######..     1%          3    None

Your spell library contained the following spells:

 Spells                   Type           Power        Failure   Level  Hunger
 Animate Skeleton         Necr           N/A          1%          1    None
 Corona                   Hex            #####..      1%          1    None
 Pain                     Necr           ####         1%          1    None
 Ensorcelled Hibernation  Hex/Ice        #####.       1%          2    None
 Regeneration             Chrm/Necr      #####.....   1%          3    None
 Tukima's Dance           Hex            #####...     1%          3    None
 Vampiric Draining        Necr           #####.....   1%          3    None
 Force Lance              Conj/Tloc      ######..     2%          4    ##.....
 Animate Dead             Necr           N/A          4%          4    ##.....
 Ignition                 Fire           #####.....   100%        8    #######
 Shatter                  Erth           #####.....   100%        9    #######
 Tornado                  Air            ######....   100%        9    #######


Dungeon Overview and Level Annotations

Branches:
Dungeon (11/15)            Temple (1/1) D:6            Lair (3/6) D:10
 Spider (0/4) Lair:3          Orc (0/2) D:9         Gauntlet (1/1)
  Swamp: Lair:2-4    Shoals: Lair:2-4

Altars:
Ashenzari
Cheibriados
Dithmenos
Elyvilon
Fedhas
Gozag
Hepliaklqana
Kikubaaqudgha
Makhleb
Nemelex Xobeh
Okawaru
Qazlal
Ru
Sif Muna
Trog
Uskayaw
Vehumet
Wu Jian
Xom
Yredelemnul
Zin
The Shining One

Annotations:
D:7 1 runed translucent door, kurowa's ghost, novice DrFE Gauntlet 8 transporters, 2 runed translucent doors, exclusions: obsidian statue and orange crystal statue


Innate Abilities, Weirdness & Mutations

Your experience applies equally to all skills.
You have very sharp teeth.
Your uncanny sense of smell can sniff out nearby items.


Message History

The minotaur throws a silver javelin.
The silver javelin misses you.
Throwing (i - inventory. (/) - cycle)
f - 2 atropa-tipped darts (quivered)
Press: ? - help, Shift-Dir - straight line, f/p - minotaur
Aim: a minotaur, wielding the +9 war axe of Meraisu {holy, rElec rF+} and wearing a +0 plate armour (almost dead, fast+slow, poisoned, chance to blind on hit: 16%)
You throw an atropa-tipped dart.
The atropa-tipped dart hits the minotaur.
The minotaur resists.
The minotaur is almost dead.
Throwing (i - inventory. (/) - cycle)
f - an atropa-tipped dart (quivered)
Press: ? - help, Shift-Dir - straight line, f/p - minotaur
Aim: a minotaur, wielding the +9 war axe of Meraisu {holy, rElec rF+} and wearing a +0 plate armour (almost dead, fast+slow, poisoned, chance to blind on hit: 16%)
You throw an atropa-tipped dart.
The atropa-tipped dart hits the minotaur!
The minotaur resists.
The minotaur is almost dead.
The minotaur throws a silver javelin.
The silver javelin pierces through you!
* * * LOW HITPOINT WARNING * * *
x2 Unknown command.
The minotaur hits you with the +9 war axe of Meraisu {holy, rElec rF+}!!
You die...

#8∩8# #}.)# #8.8#
####:.[####
###8.#8(8#.8###
#....#.(.#....#
#.#..#8H8#..#.#
#.#..##@##..#.#
#......(......#
#.#.##.#.##.#.#
#.#....#....# #
#.#.#######.#.###
................#
♣.♣.©.©.©.©.♣.♣.#
................ #
###
#####################
### #


You could see a minotaur.

Vanquished Creatures
  Harold (D:10)
  A queen ant (Gauntlet)
  Urug (D:10)
  Sonja (D:10)
  A large abomination (Gauntlet)
  An ice statue (Gauntlet)
  2 spiny frogs
  2 komodo dragons
  A rime drake (Gauntlet)
  2 trolls (D:10)
  Prince Ribbit (D:7)
  9 blink frogs
  A hippogriff (Lair:2)
  A wyvern (Lair:1)
  11 yaks
  Sigmund (D:3)
  A small abomination (Gauntlet)
  A steam dragon (D:7)
  A water moccasin (D:8)
  2 soldier ants (Gauntlet)
  5 porcupines
  Duvessa (D:7)
  9 orc warriors
  5 sky beasts
  An ice beast (D:10)
  2 necrophages
  An eye of draining (D:8)
  A hornet zombie (D:9)
  3 phantoms
  5 ogres
  A centaur (D:5)
  5 crocodiles
  A big kobold (D:9)
  6 bullfrogs
  Dowan (D:7)
  3 scorpions
  5 killer bees (D:8)
  3 wights (D:7)
  4 crimson imps
  2 quasits
  3 centaur skeletons
  5 hounds
  19 orc wizards
  5 orc priests
  2 jellies
  4 bullfrog skeletons
  4 iguanas
  5 worker ants
  A killer bee zombie (D:8)
  A hound skeleton (D:5)
  4 gnolls (D:2)
  A howler monkey skeleton (D:7)
  6 adders
  An ooze (D:2)
  An adder zombie (D:7)
  2 worms
  9 leopard geckos
  53 orcs
  10 giant cockroaches
  6 goblins
  9 hobgoblins
  6 jackals
  A quokka (D:5)
  A ball python (D:5)
  7 bats
  5 frilled lizards
  A jackal zombie (D:5)
  13 kobolds
  A leopard gecko zombie (D:7)
  9 rats
301 creatures vanquished.

Vanquished Creatures (others)
  12 fulminant prisms
  5 plants
17 creatures vanquished.

Grand Total: 318 creatures vanquished

Notes
Turn   | Place    | Note
-------+----------+-------------------------------------------
     0 | D:1      | Illumine the Gnoll Conjurer began the quest for the Orb.
     0 | D:1      | Reached XP level 1. HP: 13/13 MP: 6/6
   137 | D:1      | Reached XP level 2. HP: 19/19 MP: 2/7
   144 | D:1      | Learned a level 2 spell: Searing Ray
   537 | D:2      | Reached XP level 3. HP: 25/25 MP: 7/9
   545 | D:2      | Reached skill level 5 in Spellcasting
   689 | D:2      | Reached skill level 1 in Invocations
   693 | D:2      | Reached skill level 1 in Fighting
   693 | D:2      | Reached skill level 1 in Short Blades
   693 | D:2      | Reached skill level 1 in Long Blades
   693 | D:2      | Reached skill level 1 in Axes
   693 | D:2      | Reached skill level 1 in Maces & Flails
   693 | D:2      | Reached skill level 1 in Polearms
   693 | D:2      | Reached skill level 1 in Staves
   693 | D:2      | Reached skill level 1 in Slings
   693 | D:2      | Reached skill level 1 in Bows
   693 | D:2      | Reached skill level 1 in Crossbows
   693 | D:2      | Reached skill level 1 in Throwing
   693 | D:2      | Reached skill level 1 in Armour
   693 | D:2      | Reached skill level 1 in Shields
   693 | D:2      | Reached skill level 1 in Unarmed Combat
   693 | D:2      | Reached skill level 1 in Evocations
   693 | D:2      | Reached XP level 4. HP: 23/32 MP: 1/11
  1113 | D:2      | Reached skill level 1 in Hexes
  1113 | D:2      | Reached skill level 1 in Charms
  1113 | D:2      | Reached skill level 1 in Summonings
  1113 | D:2      | Reached skill level 1 in Necromancy
  1113 | D:2      | Reached skill level 1 in Translocations
  1113 | D:2      | Reached skill level 1 in Transmutations
  1113 | D:2      | Reached skill level 1 in Fire Magic
  1113 | D:2      | Reached skill level 1 in Ice Magic
  1113 | D:2      | Reached skill level 1 in Air Magic
  1113 | D:2      | Reached skill level 1 in Earth Magic
  1113 | D:2      | Reached skill level 1 in Poison Magic
  1431 | D:3      | Noticed Sigmund
  1439 | D:3      | Learned a level 3 spell: Dazzling Spray
  1444 | D:3      | Learned a level 4 spell: Iskenderun's Mystic Blast
  1465 | D:3      | Reached XP level 5. HP: 28/37 MP: 5/12
  1603 | D:4      | Noticed an ogre
  1613 | D:5      | Entered Level 5 of the Dungeon
  1766 | D:5      | Noticed an ogre
  1770 | D:5      | Killed an ogre
  1770 | D:5      | Reached XP level 6. HP: 44/44 MP: 1/13
  1980 | D:5      | Noticed a sky beast
  1990 | D:5      | Killed a sky beast
  1990 | D:5      | Reached skill level 5 in Dodging
  2162 | D:5      | Reached XP level 7. HP: 40/50 MP: 1/15
  2832 | D:5      | Reached skill level 5 in Stealth
  3330 | D:4      | Reached XP level 8. HP: 57/57 MP: 11/16
  3420 | D:4      | Found an ornate altar of the Wu Jian Council.
  3454 | D:4      | Found an ancient bone altar of Kikubaaqudgha.
  3456 | D:4      | Found a shimmering altar of Xom.
  3456 | D:4      | Found a stormy altar of Qazlal.
  3470 | D:4      | Found a hide-covered altar of Uskayaw.
  3725 | D:6      | Got a polished scale mail
  3822 | D:6      | Learned a level 3 spell: Confuse
  4224 | D:6      | Identified the +4 scale mail "Hiad" {Int+6 Slay-6} (You
                  | found it on level 6 of the Dungeon)
  4766 | D:6      | Found a staircase to the Ecumenical Temple.
  4772 | Temple   | Entered the Ecumenical Temple
  5354 | D:3      | Found a faded altar of an unknown god.
  5622 | D:3      | Killed Sigmund
  5622 | D:3      | Reached XP level 9. HP: 65/65 MP: 1/18
  6039 | D:7      | Noticed Duvessa
  6039 | D:7      | Noticed Dowan
  6116 | D:7      | Found an opulent altar of Gozag.
  6259 | D:7      | Noticed Prince Ribbit
  6272 | D:7      | Killed Duvessa
  6273 | D:7      | Killed Prince Ribbit
  6276 | D:7      | Killed Dowan
  6580 | D:7      | Reached skill level 8 in Conjurations
  7102 | D:7      | Found a runed translucent door.
  7103 | D:7      | Found a shimmering altar of Xom.
  7103 | D:7      | Noticed kurowa's ghost (novice DrFE)
  7104 | D:7      | Noticed a +2 spear of chaos
  7571 | D:8      | Reached skill level 5 in Invocations
  8014 | D:8      | Reached XP level 10. HP: 73/73 MP: 11/20
  8408 | D:8      | Learned a level 4 spell: Fulminant Prism
  8566 | D:8      | Reached skill level 5 in Fighting
  8566 | D:8      | Reached skill level 5 in Short Blades
  8566 | D:8      | Reached skill level 5 in Long Blades
  8566 | D:8      | Reached skill level 5 in Axes
  8566 | D:8      | Reached skill level 5 in Maces & Flails
  8566 | D:8      | Reached skill level 5 in Polearms
  8566 | D:8      | Reached skill level 5 in Staves
  8566 | D:8      | Reached skill level 5 in Slings
  8566 | D:8      | Reached skill level 5 in Bows
  8566 | D:8      | Reached skill level 5 in Crossbows
  8566 | D:8      | Reached skill level 5 in Throwing
  8566 | D:8      | Reached skill level 5 in Armour
  8566 | D:8      | Reached skill level 5 in Shields
  8566 | D:8      | Reached skill level 5 in Unarmed Combat
  8566 | D:8      | Reached skill level 5 in Evocations
  9751 | D:9      | Found a staircase to the Orcish Mines.
 10090 | D:9      | Learned a level 5 spell: Lightning Bolt
 10712 | D:9      | Found a radiant altar of Vehumet.
 10715 | D:9      | Found a shattered altar of Ashenzari.
 10715 | D:9      | Found a sparkling altar of Nemelex Xobeh.
 10720 | D:9      | Became a worshipper of Ashenzari the Shackled
 11387 | D:9      | Found a burning altar of Makhleb.
 11427 | D:9      | Reached XP level 11. HP: 71/81 MP: 13/22
 11612 | D:10     | Entered Level 10 of the Dungeon
 11612 | D:10     | Identified the +2 ring mail "Geext" {*Corrode rF+++ MP+9
                  | Str+4}
 11672 | D:10     | Noticed Harold
 11682 | D:10     | Killed Harold
 12006 | D:10     | Noticed Sonja
 12014 | D:10     | Killed Sonja
 12193 | D:10     | Reached skill level 5 in Hexes
 12193 | D:10     | Reached skill level 5 in Charms
 12193 | D:10     | Reached skill level 5 in Summonings
 12193 | D:10     | Reached skill level 5 in Necromancy
 12193 | D:10     | Reached skill level 5 in Translocations
 12193 | D:10     | Reached skill level 5 in Transmutations
 12193 | D:10     | Reached skill level 5 in Fire Magic
 12193 | D:10     | Reached skill level 5 in Ice Magic
 12193 | D:10     | Reached skill level 5 in Air Magic
 12193 | D:10     | Reached skill level 5 in Earth Magic
 12193 | D:10     | Reached skill level 5 in Poison Magic
 12534 | D:10     | Noticed Urug
 12552 | D:10     | Killed Urug
 13082 | D:10     | Found a staircase to the Lair.
 13233 | D:11     | Noticed a cyan ugly thing
 13292 | Lair:1   | Entered Level 1 of the Lair of Beasts
 13438 | Lair:1   | Reached skill level 9 in Conjurations
 13684 | Lair:1   | Learned a level 3 spell: Static Discharge
 14636 | Lair:2   | Reached * piety under Ashenzari
 14782 | Lair:2   | Reached XP level 12. HP: 87/89 MP: 0/24
 15075 | Lair:2   | Noticed a death yak
 15075 | Lair:2   | Noticed a death yak
 15076 | Lair:2   | Noticed a death yak
 15389 | Lair:3   | Found a hole to the Spider Nest.
 15404 | Lair:3   | Found a gate leading to a gauntlet.
 15412 | Gauntlet | Entered a Gauntlet
 15412 | Gauntlet | Found a transporter.
 15419 | Gauntlet | Found a transporter.
 15421 | Gauntlet | Found a transporter.
 15442 | Gauntlet | Found a transporter.
 15443 | Gauntlet | Found a transporter.
 15446 | Gauntlet | Noticed a death yak
 15446 | Gauntlet | Noticed a death yak
 15447 | Gauntlet | Noticed a death yak
 15448 | Gauntlet | Noticed a death yak
 15449 | Gauntlet | Noticed a death yak
 15451 | Gauntlet | Noticed a death yak
 15458 | Gauntlet | Found a transporter.
 15461 | Gauntlet | Identified the cursed +0 pair of boots "Kix Bipp" {+Blink
                  | Regen+}
 15471 | Gauntlet | Found a transporter.
 15481 | Gauntlet | Found a transporter.
 15489 | Gauntlet | Found a runed translucent door.
 15491 | Gauntlet | Found a transporter.
 15493 | Gauntlet | Found a runed translucent door.
 15503 | Gauntlet | Found a transporter.
 15505 | Gauntlet | Found a transporter.
 15505 | Gauntlet | Noticed a queen ant
 15506 | Gauntlet | Found the ring of Robustness {AC+8}
 15537 | Gauntlet | Found a transporter.
 15667 | Gauntlet | Found a transporter.
 15689 | Gauntlet | Killed a queen ant
 16023 | Gauntlet | Found a transporter.
 16373 | Gauntlet | Identified the +9 war axe of Meraisu {holy, rElec rF+}
 16373 | Gauntlet | Noticed a minotaur
 16387 | Gauntlet | Mangled by a minotaur

Levels and vault maps discovered:
D:1:      lemuel_arrival_river_ford, layout_rooms
D:2:      layout_rooms
D:3:      layout_loops_cross, chequers_ecumenical_altar_simple_redux,
          hangedman_abyss_or_decor_lesser_grid, uniq_sigmund
D:4:      layout_rooms, lemuel_crystal_altar, nicolae_overflow_quartered_altars
D:5:      layout_gridville, first_ration
D:6:      layout_loops_ring, minmay_temple_entry_enclosed_plants
D:7:      layout_loops_ring, lemuel_coloured_pillars_altar, ebering_ghost_xom,
          uniq_prince_ribbit1, uniq_duvessa
D:8:      layout_cave_pools, special_room [special_room_orc]
D:9:      layout_loops_cross, lightli_temple_of_fire,
          chequers_temple_overflow_statue_of_worship, orc_0_dummy
D:10:     layout_basic, david_lair_shrubbed, nicolae_twisting_strands,
          uniq_sonja, uniq_harold, uniq_urug
D:11:     layout_roguey [special_room_bee], serial_shops,
          nicolae_shop_behind_doors
Temple:   minmay_temple_forest_path
Lair:1:   layout_roguey, grunt_megastairs_3
Lair:2:   layout_roguey, infiniplex_staircase_pool_2
Lair:3:   layout_regular_city, dummy_spider_entry, gauntlet_entry_generic
Gauntlet: minmay_gauntlet_77_tree [minmay_gauntlet_arena_77_mess,
          minmay_gauntlet_arena_77_squiggly,
          minmay_gauntlet_arena_77_tiled_triplets,
          minmay_gauntlet_arena_77_shame_cube, minmay_gauntlet_arena_77_fan,
          minmay_gauntlet_arena_77_block_sizes, minmay_gauntlet_arena_77_box,
          nicolae_gauntlet_exit_dead_adventurers]

Skill      XL: |  1  2  3  4  5  6  7  8  9 10 11 12 |
---------------+-------------------------------------+-----
Spellcasting   | 5 6 7 8 |  8.7
Invocations    | 1 2 3 4 5 6 7 |  7.7
Fighting       | 1 2 3 4 5 6 7 |  7.0
Short Blades   | 1 2 3 4 5 6 7 |  7.0
Long Blades    | 1 2 3 4 5 6 7 |  7.0
Axes           | 1 2 3 4 5 6 7 |  7.0
Maces & Flails | 1 2 3 4 5 6 7 |  7.0
Polearms       | 1 2 3 4 5 6 7 |  7.0
Staves         | 1 2 3 4 5 6 7 |  7.0
Slings         | 1 2 3 4 5 6 7 |  7.0
Bows           | 1 2 3 4 5 6 7 |  7.0
Crossbows      | 1 2 3 4 5 6 7 |  7.0
Throwing       | 1 2 3 4 5 6 7 |  7.0
Armour         | 1 2 3 4 5 6 7 |  7.0
Shields        | 1 2 3 4 5 6 7 |  7.0
Unarmed Combat | 1 2 3 4 5 6 7 |  7.0
Evocations     | 1 2 3 4 5 6 7 |  7.0
Hexes          | 1 2 3 4 5 |  5.8
Charms         | 1 2 3 4 5 |  5.8
Summonings     | 1 2 3 4 5 |  5.8
Necromancy     | 1 2 3 4 5 |  5.8
Translocations | 1 2 3 4 5 |  5.8
Transmutations | 1 2 3 4 5 |  5.8
Fire Magic     | 1 2 3 4 5 |  5.8
Ice Magic      | 1 2 3 4 5 |  5.8
Air Magic      | 1 2 3 4 5 |  5.8
Earth Magic    | 1 2 3 4 5 |  5.8
Poison Magic   | 1 2 3 4 5 |  5.8
Dodging        | 5 6 7 8 |  8.5
Stealth        | 5 6 7 8 |  8.2
Conjurations   | 8 9 |  9.3

Action                   |  1- 3 |  4- 6 |  7- 9 | 10-12 || total
-------------------------+-------+-------+-------+-------++-------
Melee: Mace              |       |     7 |    19 |       ||    26
       War axe           |       |       |    31 |       ||    31
       Bite              |       |       |     6 |    22 ||    28
       Punch             |       |       |     2 |     4 ||     6
       Dagger            |       |       |    35 |   143 ||   178
       Staff             |       |       |       |    41 ||    41
Throw: Dart              |       |     2 |     3 |    30 ||    35
 Cast: Magic Dart        |    49 |    65 |   153 |   100 ||   367
       Searing Ray       |     2 |     7 |    29 |    46 ||    84
       Iskenderun's Myst |       |     2 |       |     8 ||    10
       Dazzling Spray    |       |     6 |    43 |   116 ||   165
       Confuse           |       |       |     6 |     8 ||    14
       Fulminant Prism   |       |       |       |    12 ||    12
       Static Discharge  |       |       |       |     6 ||     6
Invok: Curse Item        |       |       |       |     4 ||     4
Evoke: Wand              |       |       |       |     6 ||     6
  Use: Scroll            |       |       |     7 |     9 ||    16
       Potion            |       |       |     1 |    11 ||    12
 Stab: Sleeping          |       |     3 |     3 |     5 ||    11
       Confused          |       |       |     2 |     1 ||     3
       Invisible         |       |       |     1 |     2 ||     3
  Eat: Chunk             |       |     4 |     8 |    19 ||    31
       Ration            |       |       |     3 |     2 ||     5
Armor: Robe              |     2 |       |    24 |    49 ||    75
Dodge: Dodged            |     3 |    14 |   113 |   286 ||   416
